 Dungeon Crawl Stone Soup version 0.26-a0-1205-g4083c211ab (webtiles) character file.

Game seed: 17809001807417494706

2420 tatocazan the Covert (level 9, 0/47 (55) HPs)
             Began as a Kobold Brigand on Dec 29, 2020.
             Was a Follower of Wu Jian.
             Succumbed to a kobold's poison
             ... on level 7 of the Dungeon.
             The game lasted 00:15:25 (12264 turns).

tatocazan the Covert (Kobold Brigand)              Turns: 12264, Time: 00:15:26

HP:   0/47 (55)     AC:  4    Str:  8    XL:     9   Next: 76%
MP:   9/9           EV: 19    Int: 18    God:    Wu Jian [*.....]
Gold: 336           SH:  0    Dex: 20    Spells: 8/8 levels left

rFire    + . .     SeeInvis .   a - +2 dagger
rCold    + . .     Faith    .   (shield restricted)
rNeg     . . .     Spirit   .   b - +0 robe
rPois    +         Reflect  .   (no helmet)
rElec    +         Harm     .   c - +0 cloak
rCorr    +         Rampage  .   (no gloves)
Will     .....                  s - +0 pair of boots
Stlth    ++++++....             (no amulet)
HPRegen  0.15/turn              q - +6 ring of intelligence
MPRegen  0.11/turn              (no ring)

@: lethally poisoned (0 -> -6), resistant, heavily drained
A: small, nightstalker 3
a: Renounce Religion


You were on level 7 of the Dungeon.
You worshipped Wu Jian.
Wu Jian was aware of your devotion.
You visited 2 branches of the dungeon, and saw 8 of its levels.

You collected 336 gold pieces.

Inventory:

Hand Weapons
 a - a +2 dagger (weapon)
Missiles
 d - 38 poisoned darts
 e - 3 curare-tipped darts (quivered)
Armour
 b - a +0 robe (worn)
 c - a +0 cloak (worn)
 s - a +0 pair of boots (worn)
Jewellery
 p - a +6 ring of strength {unknown}
 q - a +6 ring of intelligence (left hand)
Wands
 A - a wand of random effects (13)
 B - a wand of enslavement (8)
Scrolls
 g - 2 scrolls of enchant armour {unknown}
 h - 2 scrolls of torment {unknown}
 j - 3 scrolls of remove curse
 l - 2 scrolls of noise
 m - 2 scrolls of magic mapping {unknown}
 o - 2 scrolls of amnesia {unknown}
 r - a scroll of immolation {unknown}
 t - a scroll of random uselessness {unknown}
 v - 4 scrolls of fog {unknown}
 w - 2 scrolls of fear {unknown}
 y - a scroll of blinking {unknown}
Potions
 k - a potion of mutation
 n - a potion of attraction
 u - a potion of resistance
 x - a potion of lignification


   Skills:
 + Level 5.8 Fighting
 * Level 9.8 Short Blades
 - Level 2.3 Throwing
 + Level 6.0 Dodging
 * Level 11.3 Stealth


You had 8 spell levels left.
You didn't know any spells.
Your spell library contained the following spells:

 Spells                   Type           Power        Failure   Level
 Sting                    Tmut/Pois      0%           22%         1
 Poisonous Vapours        Pois/Air       0%           32%         2
 Ignite Poison            Fire/Tmut/Pois 0%           54%         3
 Mephitic Cloud           Conj/Pois/Air  0%           54%         3
 Olgreb's Toxic Radiance  Pois           0%           91%         4


Dungeon Overview and Level Annotations

Branches:
Dungeon (7/15)             Temple (1/1) D:4

Altars:
Dithmenos
Elyvilon
Hepliaklqana
Kikubaaqudgha
Okawaru
Sif Muna
Trog
Uskayaw
Vehumet
Wu Jian
Yredelemnul
Zin

Shops:
D:4 (


Innate Abilities, Weirdness & Mutations

You are small and have problems with some larger weapons.
You are completely attuned to the shadows.


Message History

You take 1 damage, and have 5/47 hp.
* * * LOW HITPOINT WARNING * * *
You feel sick.
Okay, then.
You feel protected.
* * * LOW HITPOINT WARNING * * *
You feel sick. The worker ant zombie misses you.
You take 1 damage, and have 4/47 hp.
* * * LOW HITPOINT WARNING * * *
You feel sick.
You take 1 damage, and have 3/47 hp.
* * * LOW HITPOINT WARNING * * *
You feel sick.
You take 1 damage, and have 2/47 hp.
* * * LOW HITPOINT WARNING * * *
You feel sick.
You take 1 damage, and have 1/47 hp.
* * * LOW HITPOINT WARNING * * *
You feel sick.
You die...

#.#...##.######....# #..##.#..
#......#......#....# #..##....
#.##...#.####.#########..##....
###...........................
.........######.#######.#.....
.....#.#.######.## #.##.##.
##...............# #.. ..?
#.#....######...# .......
#......'# #..@# .[...
##.#....## #...# ...#....#
#..Z# #.....# ##.##...# #...#
#.....# ##.##...# #..K# #.....#
##.##...# #...###.....#
##.###### #...##(()...#
##.######## #........)...# #
##.#......# #.........(.)#.##


You could see a worker ant zombie and a kobold.

Vanquished Creatures
  An unseen horror (D:6)
  Sigmund (D:6)
  An orc warrior (D:6)
  2 phantoms
  An ogre (D:6)
  2 big kobolds (D:7)
  4 bullfrogs (D:6)
  A scorpion (D:7)
  A wight (D:7)
  2 howler monkeys (D:4)
  A quasit (D:6)
  A centaur skeleton (D:5)
  5 orc priests
  A hound (D:6)
  3 orc wizards
  An iguana (D:6)
  Jessica (D:2)
  4 worker ants
  7 gnolls
  8 adders
  A river rat (D:6)
  3 shadow imps (D:6)
  A white imp (D:6)
  2 ufetubi
  An ooze (D:3)
  5 worms
  4 leopard geckos
  17 orcs
  2 ball pythons
  9 bats
  5 giant cockroaches
  9 hobgoblins
  17 jackals
  16 kobolds
  4 quokkas
  5 frilled lizards
  6 goblins
  A quokka skeleton (D:6)
  9 rats
165 creatures vanquished.

Notes
Turn   | Place    | Note
-------+----------+-------------------------------------------
     0 | D:1      | tatocazan the Kobold Brigand began the quest for the Orb.
     0 | D:1      | Reached XP level 1. HP: 12/12 MP: 1/1
   171 | D:1      | Reached XP level 2. HP: 14/18 MP: 2/2
   427 | D:1      | Reached XP level 3. HP: 22/22 MP: 3/3
  1571 | D:2      | Reached skill level 6 in Stealth
  1799 | D:2      | Noticed Jessica
  1803 | D:2      | Killed Jessica
  1804 | D:2      | Reached XP level 4. HP: 27/27 MP: 4/4
  2326 | D:3      | Reached XP level 5. HP: 29/32 MP: 5/5
  4212 | D:3      | Found an ancient bone altar of Kikubaaqudgha.
  4614 | D:4      | Found Osmisan's Weapon Boutique.
  4655 | D:4      | Reached XP level 6. HP: 26/37 MP: 6/6
  4786 | D:4      | Reached skill level 7 in Stealth
  5031 | D:4      | Reached skill level 5 in Short Blades
  5476 | D:4      | Found a staircase to the Ecumenical Temple.
  5494 | Temple   | Entered the Ecumenical Temple
  5527 | Temple   | Became a worshipper of the Wu Jian Council
  5740 | D:4      | Reached XP level 7. HP: 42/42 MP: 7/7
  6067 | D:5      | Entered Level 5 of the Dungeon
  6883 | D:5      | Reached skill level 8 in Stealth
  7714 | D:6      | Killed an unseen horror
  7715 | D:6      | Reached skill level 9 in Stealth
  7715 | D:6      | Reached XP level 8. HP: 41/48 MP: 8/8
  7954 | D:6      | Reached * piety under Wu Jian
  8671 | D:6      | Reached skill level 5 in Fighting
  8671 | D:6      | Reached skill level 5 in Dodging
  8671 | D:6      | Reached skill level 10 in Stealth
  8671 | D:6      | Reached XP level 9. HP: 54/54 MP: 9/9
 10028 | D:6      | Noticed Sigmund
 10044 | D:6      | Killed Sigmund
 10466 | D:6      | Reached skill level 11 in Stealth
 12260 | D:7      | HP: 2/47 [poisoned by a kobold]
 12264 | D:7      | Succumbed to a kobold's poison

Illustrated notes

Levels and vault maps discovered:
D:1:      nzn_arrival_settlement, layout_basic, chequers_serial_rivers_micro_e
D:2:      layout_rooms, st_stairs_6, minivault_4, uniq_jessica
D:3:      layout_rooms, kiku_gazebo_pond_becter
D:4:      layout_basic, minmay_temple_entry_nine_rooms, serial_shops,
          kennysheep_mini_moat, dk_noncrumbling_3
D:5:      layout_basic
D:6:      minmay_opposing_rooms, layout_loops_cross,
          cheibrodos_sewer_entry_sluice, uniq_sigmund
D:7:      layout_basic
Temple:   compressed_dpeg_circular_temple

Skill      XL: |  1  2  3  4  5  6  7  8  9 |
---------------+----------------------------+-----
Short Blades   | 3 4 5 7 8 9 |  9.8
Dodging        | 2 3 4 5 6 |  6.0
Stealth        | 6 7 9 10 11 | 11.3
Fighting       | 3 4 5 |  5.8
Throwing       | |  2.3

Action                   |  1- 3 |  4- 6 |  7- 9 || total
-------------------------+-------+-------+-------++-------
Melee: Dagger            |   122 |   201 |   541 ||   864
Throw: Dart              |       |     9 |    32 ||    41
Invok: Lunge             |       |     5 |    24 ||    29
       Whirlwind         |       |       |   105 ||   105
Evoke: Wand              |       |       |     4 ||     4
  Use: Scroll            |       |       |    12 ||    12
       Potion            |       |       |     6 ||     6
 Stab: Sleeping          |    24 |    20 |    21 ||    65
       Distracted        |       |     1 |     1 ||     2
Armor: Robe              |    16 |    19 |    48 ||    83
Dodge: Dodged            |    46 |   130 |   337 ||   513

Table legend: (Time is in decaauts)
 A = Elapsed time spent in this place.
 B = Non-inter-level travel time spent in this place.
 C = Inter-level travel time spent in this place.
 D = Time resting spent in this place.
 E = Time spent auto-exploring this place.
 F = Levels seen in this place.
 G = Mean time per level.
                   A        B        C        D        E       F      G
               +--------+--------+--------+--------+--------+-----+--------+
         Total |  12074 |  11870 |    204 |   6081 |   4371 |   8 | 1509.2 |
       Dungeon |  11977 |  11797 |    180 |   6081 |   4320 |   7 | 1711.0 |
        Temple |     96 |     72 |     24 |      0 |     51 |   1 |   96.0 |
               +--------+--------+--------+--------+--------+-----+--------+

Top non-repeatable levels by time:
     D:6: 4044 daAuts
     D:2: 1790 daAuts
     D:3: 1604 daAuts
     D:4: 1420 daAuts
     D:1: 1098 daAuts
     D:5: 1045 daAuts
     D:7: 973 daAuts
  Temple: 96 daAuts
